[Event "Late-Titled-Tuesday-Blitz-April-23-2024"]
[Site "Chess.com"]
[Date "2024.04.23"]
[Round "2"]
[White "Arteler"]
[Black "merinasian"]
[Result "0-1"]
[WhiteElo "2309"]
[BlackElo "2522"]
[TimeControl "180+1"]
[EndTime "14:17:01 PDT"]
[Termination "merinasian won on time"]

1. e4 d6 2. d4 Nd7 3. Nc3 g6 4. Bd3 Bg7 5. Nge2 c5 6. d5 Ne5 7. O-O Nxd3 8. Qxd3 Nf6 9. Bg5 h6 10. Bh4 O-O 11. f4 a6 12. f5 g5 13. Bg3 b5 14. h4 Ng4 15. hxg5 hxg5 16. Qf3 Ne5 17.
Qh5 e6 18. Kf2 exf5 19. Rh1 Ng4+ 20. Ke1 Nh6 21. Ng1 f4 22. Bf2 Bg4 23. Qh2 Qe7 24. Nf3 b4 25. Ne2 Qxe4 0-1

[Event "Late-Titled-Tuesday-Blitz-April-23-2024"]
[Site "Chess.com"]
[Date "2024.04.23"]
[Round "2"]
[White "traack"]
[Black "yuriydovzik"]
[Result "1-0"]
[WhiteElo "2460"]
[BlackElo "2145"]
[TimeControl "180+1"]
[EndTime "14:17:01 PDT"]
[Termination "traack won on time"]

1. e4 c6 2. Nc3 g6 3. Nf3 Bg7 4. d4 d5 5. h3 dxe4 6. Nxe4 Nd7 7.
Bc4 Nb6 8. Bb3 Nf6 9. Ng3 O-O 10.
O-O a5 11. a4 Nbd5 12. c3 b5 13. Ne5 Qb6 14. axb5 cxb5 15. Ne4 Nxe4 16. Bxd5 Bb7 17.
Nd7 Qc7 18. Bxb7 Qxb7 19. Nxf8 Bxf8 20. Qf3 f5 21. Bf4 a4 22. Be5 e6 23. Rfb1 Rc8 24.
Qd3 Qd5 25. f3 Nc5 26. Qxb5 1-0

[Event "Late-Titled-Tuesday-Blitz-April-23-2024"]
[Site "Chess.com"]
[Date "2024.04.23"]
[Round "2"]
[White "TheAlienParty"]
[Black "Oleg_Papayan"]
[Result "1-0"]
[WhiteElo "2419"]
[BlackElo "2648"]
[TimeControl "180+1"]
[EndTime "14:17:02 PDT"]
[Termination "TheAlienParty won by resignation"]

1. Nf3 Nf6 2. g3 c5 3. Bg2 Nc6 4. d4 cxd4 5. Nxd4 e5 6. Nf3 d5 7. O-O Bc5 8. c4 d4 9. a3 a5 10.
Qa4 O-O 11. Qb5 Qb6 12. Bg5 Ne4 13. Nbd2 Nd6 14. Qxb6 Bxb6 15. b4 f6 16. c5 fxg5 17. Nxg5 axb4 18. axb4 Rxa1 19. Rxa1 Nxb4 20. cxd6 d3 21.
e3 Nc2 22. Ra8 Nxe3 23. fxe3 Bxe3+ 24. Kh1 Bxg5 25. d7 Bxd2 26. Bd5+ Kh8 27. Rxc8 1-0

[Event "Late-Titled-Tuesday-Blitz-April-23-2024"]
[Site "Chess.com"]
[Date "2024.04.23"]
[Round "2"]
[White "Rodalquilar"]
[Black "PapaieDudu"]
[Result "1-0"]
[WhiteElo "2745"]
[BlackElo "2429"]
[TimeControl "180+1"]
[EndTime "14:17:03 PDT"]
[Termination "Rodalquilar won by resignation"]

1. d4 d5 2. Nf3 Nf6 3. Bf4 c5 4. e3 Nc6 5. c3 Bg4 6. Nbd2 e6 7. Qb3 Qd7 8. Ne5 Nxe5 9. dxe5 c4 10. Nxc4 dxc4 11. Bxc4 O-O-O 12. exf6 Qd2+ 13. Kf1 gxf6 14. h3 Bh5 15. g4 Bg6 16. Be2 e5 17. Rd1 exf4 18.
Rxd2 Rxd2 19. Bf3 b6 20. exf4 Bc5 21. Rh2 Bd3+ 22. Ke1 Rc2 23. Qd5 Re8+ 24. Kd1 Rd8 25. Qc6+ 1-0

[Event "Late-Titled-Tuesday-Blitz-April-23-2024"]
[Site "Chess.com"]
[Date "2024.04.23"]
[Round "2"]
[White "Jospem"]
[Black "Romkachess"]
[Result "1-0"]
[WhiteElo "3088"]
[BlackElo "2670"]
[TimeControl "180+1"]
[EndTime "14:17:06 PDT"]
[Termination "Jospem won on time"]

1. e4 e5 2. Nf3 Nc6 3. Nc3 Nf6 4. h3 h6 5. d4 exd4 6. Nxd4 Bb4 7. Nxc6 bxc6 8.
Bd3 O-O 9. O-O d5 10. exd5 cxd5 11. Qf3 c6 12. Bf4 Bd6 13. Rad1 Rb8 14. b3 Rb4 15.
Ne2 Bxf4 16. Nxf4 Bb7 17. c4 Ba8 18. Rfe1 Re8 19. Bf1 Rxe1 20. Rxe1 c5 21. Qe3 d4 22. Qe5 Qc8 23. Nd3 Rb6 24. Qxc5 Qd8 25. Qa5 Ne4 26. c5 Rb8 27. Qxa7 Nd2 28. Qe7 Qc8 29. Qe2 Nxf1 30.
Rxf1 Qf5 31. Qe5 Qc8 32. Qxd4 Qc6 33. f3 Re8 34. Re1 Rc8 35. b4 Qg6 36. Kf2 Bc6 37.
Ne5 Qc2+ 38. Re2 Qc1 39. Nxc6 Rxc6 40. h4 h5 41. Qe3 Qh1 42. Qg5 1-0

[Event "Late-Titled-Tuesday-Blitz-April-23-2024"]
[Site "Chess.com"]
[Date "2024.04.23"]
[Round "2"]
[White "Hsper248"]
[Black "AniJak"]
[Result "1-0"]
[WhiteElo "2629"]
[BlackElo "2392"]
[TimeControl "180+1"]
[EndTime "14:17:08 PDT"]
[Termination "Hsper248 won by resignation"]

1. d4 f5 2. Nf3 Nf6 3. g3 g6 4. Bg2 Bg7 5. O-O O-O 6. Nc3 d6 7. Re1 Nc6 8. d5 Ne5 9. Nxe5 dxe5 10. e4 f4 11. gxf4 Nh5 12. f5 Nf4 13. Bxf4 exf4 14.
Kh1 gxf5 15. e5 f3 16. Qxf3 f4 17. Rad1 Kh8 18. e6 Qe8 19. Ne4 c6 20. c4 b6 21.
Ng5 cxd5 22. Nf7+ Kg8 23. cxd5 Bb7 24. Qg4 Rxf7 25. exf7+ Qxf7 26. d6 Bxg2+ 27. Qxg2 f3 28.
Qg4 exd6 29. Rxd6 Re8 30. Rg1 h5 31. Qg5 Re7 32. Qh6 Qe8 33. Re6 Qf7 34. Qxg7+ Qxg7 35. Rxe7 1-0

[Event "Late-Titled-Tuesday-Blitz-April-23-2024"]
[Site "Chess.com"]
[Date "2024.04.23"]
[Round "2"]
[White "Hakiki_satranc"]
[Black "SahibSinghKnight"]
[Result "0-1"]
[WhiteElo "2393"]
[BlackElo "2628"]
[TimeControl "180+1"]
[EndTime "14:17:08 PDT"]
[Termination "SahibSinghKnight won by resignation"]

1. e4 e6 2. d4 d5 3. e5 c5 4. c3 Qb6 5. Nf3 Nc6 6. Bd3 cxd4 7.
cxd4 Bd7 8. O-O Nxd4 9. Nbd2 Ne7 10. Nxd4 Qxd4 11. Nf3 Qb6 12. Be3 Qc7 13. b4 Nc6 14. Rc1 Bxb4 15. Bc5 Bxc5 16. Rxc5 Qd8 17. Qd2 O-O 18.
Ng5 g6 19. f4 Qb6 20. Qf2 Nb4 21. Qh4 Qxc5+ 22. Kh1 h5 23. g4 Nxd3 24. gxh5 Qe7 25.
hxg6 fxg6 26. Rg1 Rxf4 27. Qh6 Qg7 28. Qh3 Nf2+ 0-1

[Event "Late-Titled-Tuesday-Blitz-April-23-2024"]
[Site "Chess.com"]
[Date "2024.04.23"]
[Round "2"]
[White "Navyblue1"]
[Black "Evan_Attaker"]
[Result "0-1"]
[WhiteElo "2263"]
[BlackElo "2577"]
[TimeControl "180+1"]
[EndTime "14:17:10 PDT"]
[Termination "Evan_Attaker won by resignation"]

1. d4 c5 2. d5 g6 3. c4 Bg7 4.
e4 d6 5. f4 Nf6 6. Nf3 O-O 7.
Bd3 e6 8. O-O exd5 9. exd5 Na6 10. a3 Nc7 11. Qc2 Rb8 12. Nc3 a6 13. a4 b6 14. Be3 Bd7 15. Kh1 b5 16. axb5 axb5 17. b3 b4 18. Ne4 Nxe4 19. Bxe4 Bxa1 20. Rxa1 Re8 21. Bc1 Qe7 22. Ng5 f5 23. Bb2 fxe4 24. Ra7 Rbc8 25. Ba1 Qf8 26. Qb2 Re5 27. h3 Qxf4 0-1

[Event "Late-Titled-Tuesday-Blitz-April-23-2024"]
[Site "Chess.com"]
[Date "2024.04.23"]
[Round "2"]
[White "Cambek64"]
[Black "zacachess"]
[Result "1-0"]
[WhiteElo "2531"]
[BlackElo "2327"]
[TimeControl "180+1"]
[EndTime "14:17:11 PDT"]
[Termination "Cambek64 won by checkmate"]

1. e4 c5 2. Nf3 d6 3. c3 Nf6 4. Bd3 Bg4 5. O-O Nc6 6. Re1 g6 7.
h3 Bxf3 8. Qxf3 Bg7 9. Bb5 O-O 10. Bxc6 bxc6 11. d4 cxd4 12. cxd4 e5 13. dxe5 dxe5 14.
Nc3 Nd7 15. Be3 Qe7 16. Rac1 Nb6 17. b3 Rfd8 18. Rc2 Rd3 19. Qe2 Rad8 20. Nd5 Nxd5 21.
Qxd3 Nb4 22. Qc4 Nxc2 23. Qxc2 Qd7 24. Rc1 Rc8 25. Qc5 a6 26. Qa5 Qd3 27. Rc4 h6 28. Qxa6 Rd8 29. Bb6 Qb1+ 30. Kh2 Rd1 31. Rxc6 Qxe4 32.
Qc4 Qe1 33. Rc8+ Kh7 34. Qxf7 Qg1+ 35. Kg3 Rd3+ 36. Be3 Rxe3+ 37. fxe3 Qxe3+ 38. Kh2 e4 39. Qg8# 1-0

[Event "Late-Titled-Tuesday-Blitz-April-23-2024"]
[Site "Chess.com"]
[Date "2024.04.23"]
[Round "2"]
[White "Hirna2005"]
[Black "subham777"]
[Result "1/2-1/2"]
[WhiteElo "2329"]
[BlackElo "2521"]
[TimeControl "180+1"]
[EndTime "14:17:12 PDT"]
[Termination "Game drawn by repetition"]

1. e4 e6 2. d4 d5 3. e5 c5 4. c3 Nc6 5. Be3 Qb6 6. Qd2 cxd4 7. cxd4 Nge7 8. Nc3 Nf5 9. Nf3 Bd7 10. g4 Nxe3 11.
fxe3 Rc8 12. Rc1 Be7 13. Bd3 h6 14. O-O O-O 15. Bb1 Na5 16. b3 Ba3 17. Rc2 Bb4 18.
Qd3 g6 19. Rfc1 Ba3 20. Rd1 Rc7 21. h4 Rfc8 22. h5 Be8 23. Nh4 Qa6 24. Qd2 g5 25. Nf3 Bb4 26. Rdc1 Qc6 27. Qd3 Qa6 28. Qd2 Ba3 29. Rd1 Bb4 30. Rdc1 1/2-1/2

[Event "Late-Titled-Tuesday-Blitz-April-23-2024"]
[Site "Chess.com"]
[Date "2024.04.23"]
[Round "2"]
[White "NikitaShnadrygin"]
[Black "finec2"]
[Result "1-0"]
[WhiteElo "2712"]
[BlackElo "2221"]
[TimeControl "180+1"]
[EndTime "14:17:14 PDT"]
[Termination "NikitaShnadrygin won by resignation"]

1. e4 c5 2. Nf3 e6 3. d4 cxd4 4.
Nxd4 Nc6 5. Nc3 Qc7 6. Be3 a6 7.
Be2 b5 8. a3 Bb7 9. O-O Nf6 10.
f4 d6 11. Kh1 Be7 12. Bf3 Nxd4 13. Bxd4 e5 14. Be3 exf4 15. Bxf4 Nd7 16. Nd5 Bxd5 17.
Qxd5 O-O 18. c3 Ne5 19. Rad1 Rad8 20. Bh5 g6 21. Be2 Bf6 22. Rf2 Bg7 23. Rdf1 Qc6 24.
Qxc6 Nxc6 25. a4 bxa4 26. Bxa6 Ne5 27. Bb5 Ra8 28. h3 Ra7 29. Ra1 Rfa8 30. Be3 Ra5 31. Be2 a3 32. b4 Ra4 33. Bb5 R4a7 34. Bxa7 Rxa7 35. Rfa2 Rb7 36. Be2 h5 37. Rxa3 Rc7 38. b5 Nc4 39. Bxc4 Rxc4 40. b6 1-0

[Event "Late-Titled-Tuesday-Blitz-April-23-2024"]
[Site "Chess.com"]
[Date "2024.04.23"]
[Round "2"]
[White "ZachHKL"]
[Black "adricalderon8"]
[Result "0-1"]
[WhiteElo "2278"]
[BlackElo "2515"]
[TimeControl "180+1"]
[EndTime "14:17:14 PDT"]
[Termination "adricalderon8 won by checkmate"]

1. e4 c5 2. Nf3 d6 3. d4 cxd4 4. Nxd4 Nf6 5. Nc3 Nc6 6. Bg5 e6 7. Qd2 a6 8. O-O-O Bd7 9. f4 Be7 10. Qe1 h6 11. Nxc6 bxc6 12. Bxf6 gxf6 13. Qg3 Kf8 14. f5 e5 15. Bc4 Rb8 16. Rhf1 Qb6 17.
Bb3 a5 18. Rf3 Qb4 19. Qg4 h5 20. Qh4 d5 21. a3 Qb7 22. exd5 a4 23. d6 axb3 24.
dxe7+ Kxe7 25. Re1 Qc7 26. Rfe3 Bxf5 27. Rxe5+ Be6 28.
Rc5 Qd6 29. Ra5 Rb7 30. cxb3 Rd8 31. Kb1 Qd3+ 32. Ka1 Rxb3 33. Ra7+ Rd7 34. Rxd7+ Qxd7 35. Ne4 Qd4 36. Rf1 Qxb2# 0-1

[Event "Late-Titled-Tuesday-Blitz-April-23-2024"]
[Site "Chess.com"]
[Date "2024.04.23"]
[Round "2"]
[White "pirulillo"]
[Black "Rytenko_V"]
[Result "1-0"]
[WhiteElo "2340"]
[BlackElo "2515"]
[TimeControl "180+1"]
[EndTime "14:17:15 PDT"]
[Termination "pirulillo won by resignation"]

1. e4 c5 2. Nf3 Nc6 3. b4 cxb4 4. d4 d5 5. exd5 Qxd5 6. c4 Qe4+ 7. Be3 e6 8. Bd3 Qg4 9. h3 Qh5 10. Nbd2 f5 11. d5 Nd8 12. O-O Nf6 13. Qc2 exd5 14. cxd5 Bd6 15. Bb5+ Bd7 16. Bxd7+ Nxd7 17. Qa4 Qf7 18.
Nc4 Qg6 19. Rfe1 Nf7 20. Bg5+ Kf8 21. Qxd7 Nxg5 22. Nxg5 Qxg5 23. Nxd6 1-0

[Event "Late-Titled-Tuesday-Blitz-April-23-2024"]
[Site "Chess.com"]
[Date "2024.04.23"]
[Round "2"]
[White "LuisFSiles"]
[Black "Harsha_Bharathakoti"]
[Result "0-1"]
[WhiteElo "2434"]
[BlackElo "2906"]
[TimeControl "180+1"]
[EndTime "14:17:19 PDT"]
[Termination "Harsha_Bharathakoti won on time"]

1. e4 c5 2. Nf3 e6 3. c3 Nf6 4. e5 Nd5 5. Bc4 d6 6. d4 cxd4 7. cxd4 Be7 8. O-O O-O 9. Qe2 dxe5 10. dxe5 Bd7 11. Bd2 Bc6 12. Nc3 Nxc3 13. Bxc3 Bxf3 14.
Qxf3 Nc6 15. Rad1 Qc7 16. Bd3 g6 17. Rde1 Rfd8 18. Be4 Rac8 19. g3 b5 20. b3 Nd4 21.
Bxd4 Rxd4 22. Bb7 Rcd8 23. h4 Rd2 24. h5 Rxa2 25. Be4 Bb4 26. hxg6 hxg6 27. Re3 Bc5 28.
Ree1 Rdd2 29. Rc1 Rxf2 0-1

[Event "Late-Titled-Tuesday-Blitz-April-23-2024"]
[Site "Chess.com"]
[Date "2024.04.23"]
[Round "2"]
[White "MarlonJodar"]
[Black "vladoboch"]
[Result "0-1"]
[WhiteElo "2264"]
[BlackElo "2514"]
[TimeControl "180+1"]
[EndTime "14:17:19 PDT"]
[Termination "vladoboch won by checkmate"]

1. e4 c5 2. Nf3 Nc6 3. d4 cxd4 4. Nxd4 e5 5. Nb5 d6 6. N1c3 a6 7. Na3 Be7 8. Nc4 b5 9. Ne3 Nf6 10. g3 O-O 11. Bg2 b4 12. Ncd5 Nxd5 13. Nxd5 Bg5 14.
O-O Bxc1 15. Qxc1 Be6 16. Rd1 Nd4 17. Qd2 Rc8 18. c3 Bxd5 19. cxd4 Be6 20. Qxb4 Rb8 21. Qc3 Qb6 22. dxe5 dxe5 23. Qxe5 Qxb2 24. Qxb2 Rxb2 25.
a3 g6 26. Rd6 Rc8 27. Rxa6 Rcc2 28. e5 Rxf2 29. Bc6 Rxh2 30. a4 Rh3 31. Ra8+ Kg7 32. Ra3 Bb3 33. Rb8 Rxg3+ 34. Kh1 Rc3 35. Bb7 Rc1# 0-1

[Event "Late-Titled-Tuesday-Blitz-April-23-2024"]
[Site "Chess.com"]
[Date "2024.04.23"]
[Round "2"]
[White "Korchmar_Vasiliy"]
[Black "akanga001"]
[Result "1-0"]
[WhiteElo "2710"]
[BlackElo "2147"]
[TimeControl "180+1"]
[EndTime "14:17:20 PDT"]
[Termination "Korchmar_Vasiliy won on time"]

1. d4 d5 2. c4 dxc4 3. Nc3 a6 4. a4 Nc6 5. Nf3 e6 6. e4 Na5 7. Be3 Bb4 8. Nd2 Nf6 9. f3 O-O 10. Nxc4 b6 11. Ne5 Bb7 12. Be2 c5 13. dxc5 bxc5 14. O-O Qxd1 15. Rfxd1 Nb3 16. Rab1 Rfd8 17. Nd3 Nd4 18. Bf1 Nb3 19. Nxb4 cxb4 20. Na2 a5 21. Bc4 h6 22. Bxb3 Rac8 23. Rxd8+ Rxd8 24. Rd1 Rxd1+ 25.
Bxd1 Ba6 26. Bb6 Nd7 27. Bxa5 Nc5 28. Nxb4 Bc8 29. Bb6 Nd7 30. Be3 e5 31. a5 Nb8 32.
Be2 1-0

[Event "Late-Titled-Tuesday-Blitz-April-23-2024"]
[Site "Chess.com"]
[Date "2024.04.23"]
[Round "2"]
[White "MuhittinBuker"]
[Black "Flaccidmoves"]
[Result "1-0"]
[WhiteElo "2156"]
[BlackElo "2439"]
[TimeControl "180+1"]
[EndTime "14:17:21 PDT"]
[Termination "MuhittinBuker won by resignation"]

1. d4 Nf6 2. c4 g6 3. Nc3 Bg7 4. e4 O-O 5. Nf3 d6 6. Be2 e5 7. O-O Nc6 8. d5 Ne7 9. Ne1 Nd7 10. Nd3 f5 11. Bd2 Nf6 12. f3 c6 13. a4 c5 14. a5 Rb8 15. b4 cxb4 16. Nxb4 Nd7 17. Nd3 b6 18. Nb5 Nc5 19. Nxc5 bxc5 20. Nxa7 Bd7 21. Nb5 Be8 22. a6 f4 23. a7 Ra8 24.
Ba5 Qd7 25. Bc7 Nc8 26. Bb8 g5 27. Qa4 h5 28. Qa5 g4 29. Qc7 Rf7 30. Qxd7 Rxd7 31.
fxg4 h4 32. g5 Rb7 33. Bg4 Nb6 34. Nxd6 Rbxb8 35.
axb8=Q Rxb8 36. Rfb1 Bg6 37. Be6+ Kh7 38. Bf5 Bxf5 39.
exf5 e4 40. Ra6 Bd4+ 41. Kf1 Nd7 42. Rxb8 Nxb8 43. Rb6 Kg8 44. Rxb8+ 1-0

[Event "Late-Titled-Tuesday-Blitz-April-23-2024"]
[Site "Chess.com"]
[Date "2024.04.23"]
[Round "2"]
[White "Mops_2004"]
[Black "CarrotsandPizza"]
[Result "1-0"]
[WhiteElo "2873"]
[BlackElo "2601"]
[TimeControl "180+1"]
[EndTime "14:17:25 PDT"]
[Termination "Mops_2004 won on time"]

1. g3 h5 2. Nf3 Nc6 3. d4 d6 4.
c4 e5 5. dxe5 Nxe5 6. Bg2 Nxf3+ 7.
Bxf3 h4 8. Nc3 hxg3 9. hxg3 Rxh1+ 10. Bxh1 c6 11. Bf4 Qb6 12. Qd2 Be6 13. b3 O-O-O 14. Rc1 f5 15. Nd5 Qa6 16. b4 Kb8 17. b5 Qa4 18. bxc6 bxc6 19. Nb4 Ne7 20. Bxd6+ Kc8 21.
c5 Nd5 22. Nxd5 cxd5 23. Bxd5 Qd7 24. Bf3 Qf7 25. Qa5 1-0

[Event "Late-Titled-Tuesday-Blitz-April-23-2024"]
[Site "Chess.com"]
[Date "2024.04.23"]
[Round "2"]
[White "micke12a"]
[Black "stollenmonster"]
[Result "0-1"]
[WhiteElo "2436"]
[BlackElo "2917"]
[TimeControl "180+1"]
[EndTime "14:17:25 PDT"]
[Termination "stollenmonster won by checkmate"]

1. d4 Nf6 2. Bf4 e6 3. e3 d5 4. c4 Be7 5. Nc3 Ne4 6. Qc2 f5 7. Nxe4 fxe4 8. a3 c6 9. f3 exf3 10. Nxf3 Nd7 11. Bd3 Nf6 12. Ne5 O-O 13. g4 Ne4 14.
Bxe4 dxe4 15. Qxe4 Qa5+ 16. Ke2 Qa4 17. Qd3 c5 18. b3 Qe8 19. d5 exd5 20. Qxd5+ Kh8 21. h4 Bf6 22. g5 Bxe5 23. Qxe5 Bg4+ 24. Kd2 Qc6 25.
Rhg1 Rad8+ 26. Kc1 Rfe8 27. Qc3 Bf5 28. h5 Rd3 29.
Qb2 Qe4 30. h6 Re7 31. hxg7+ Kg8 32. Re1 Red7 33. Ra2 Rc3+ 34. Qxc3 Qb1# 0-1

[Event "Late-Titled-Tuesday-Blitz-April-23-2024"]
[Site "Chess.com"]
[Date "2024.04.23"]
[Round "2"]
[White "NM_Koval"]
[Black "Slovineanu"]
[Result "0-1"]
[WhiteElo "2169"]
[BlackElo "2474"]
[TimeControl "180+1"]
[EndTime "14:17:25 PDT"]
[Termination "Slovineanu won by resignation"]

1. d4 Nf6 2. Nc3 d5 3. f3 Nbd7 4. e4 dxe4 5. fxe4 e5 6. Nf3 Bb4 7. dxe5 Ng4 8. h3 Ngxe5 9. Nxe5 Qh4+ 10. Ke2 Nxe5 11. Qd4 Bxc3 12. bxc3 Qh5+ 13. g4 Nxg4 14. hxg4 Bxg4+ 15. Kf2 Qxh1 16. Qe5+ Be6 17. Bf4 Qh4+ 18. Bg3 Qf6+ 19. Qxf6 gxf6 20. Bxc7 Rc8 21. Bd6 Rxc3 22. Bd3 a6 23. Rd1 h5 24. Bg3 h4 25. Bf4 h3 26.
Kg1 Rg8+ 27. Kh2 Rg2+ 28. Kh1 Rcxc2 29. Bxc2 Rxc2 30. a3 b5 31. e5 fxe5 32. Bg5 f5 33. Bf6 e4 34. Rd6 Kf7 35. Bg5 f4 36. Bxf4 Kf6 37.
Rxa6 Kf5 38. Bh2 Bd5 39. Rd6 Rd2 40. Kg1 e3 41. Bg3 Rg2+ 42. Kf1 Rxg3 43. Rxd5+ Ke4 44. Rxb5 h2 45. Rh5 Rg1+ 46. Ke2 h1=Q 0-1

[Event "Late-Titled-Tuesday-Blitz-April-23-2024"]
[Site "Chess.com"]
[Date "2024.04.23"]
[Round "2"]
[White "ilya2700"]
[Black "MathiasWomacka"]
[Result "0-1"]
[WhiteElo "2306"]
[BlackElo "2521"]
[TimeControl "180+1"]
[EndTime "14:17:26 PDT"]
[Termination "MathiasWomacka won on time"]

1. d4 Nf6 2. c4 e6 3. Nf3 Bb4+ 4. Bd2 Qe7 5. g3 Bxd2+ 6. Qxd2 Nc6 7. Nc3 d5 8. cxd5 exd5 9. Bg2 Bg4 10. O-O O-O-O 11. b4 Ne4 12. Qc1 Qxb4 13. Nd1 Bxf3 14. exf3 Nd2 15. Nc3 Nxf1 16. Rb1 Qxd4 17. Bxf1 Qc5 18.
Rb5 Qd6 19. Qb2 b6 20. Rxd5 Qf6 21. Ba6+ Kb8 22. Qb5 Nd4 23. Rxd8+ Rxd8 24. Qc4 Qxf3 25. Nd5 Qxd5 0-1

[Event "Late-Titled-Tuesday-Blitz-April-23-2024"]
[Site "Chess.com"]
[Date "2024.04.23"]
[Round "2"]
[White "ACollins05"]
[Black "Abund"]
[Result "0-1"]
[WhiteElo "2530"]
[BlackElo "2777"]
[TimeControl "180+1"]
[EndTime "14:17:28 PDT"]
[Termination "Abund won by resignation"]

1. Nf3 d5 2. e3 Nf6 3. b3 e6 4.
Bb2 b6 5. Be2 Bb7 6. O-O Nbd7 7.
c4 Bd6 8. d4 O-O 9. Nbd2 Qe7 10. Rc1 c5 11. Rc2 Rac8 12. Qa1 Rfd8 13. Rfc1 h6 14.
cxd5 Bxd5 15. Bd3 Bb7 16. Be2 Qf8 17. Nc4 Be7 18. Nce5 Be4 19. Bd3 Nxe5 20. dxe5 Bxd3 21. exf6 Bxf6 22. Bxf6 gxf6 23. Rd2 Kg7 24. Rcd1 Be4 25. Qc3 Qe7 26. Qc4 Rxd2 27. Rxd2 Qb7 28. Ne1 b5 29.
Qe2 c4 30. bxc4 bxc4 31. f3 c3 32. Rd1 Bd5 33. e4 Bc4 34. Qc2 Qb2 35. Qxb2 cxb2 36. Rb1 Rb8 0-1

[Event "Late-Titled-Tuesday-Blitz-April-23-2024"]
[Site "Chess.com"]
[Date "2024.04.23"]
[Round "2"]
[White "h4parah5"]
[Black "AsterPhoenix"]
[Result "1-0"]
[WhiteElo "3027"]
[BlackElo "2644"]
[TimeControl "180+1"]
[EndTime "14:17:29 PDT"]
[Termination "h4parah5 won on time"]

1. Nf3 d5 2. e3 Nf6 3. b3 e6 4. Bb2 b6 5. c4 Bb7 6. cxd5 exd5 7.
g3 Bd6 8. Bg2 O-O 9. O-O Re8 10.
Nc3 a6 11. Rc1 Nbd7 12. Re1 Bf8 13. d3 Nc5 14. b4 Ne6 15. a3 a5 16. b5 d4 17.
Nxd4 Bxg2 18. Nxe6 Rxe6 19. Kxg2 Qd7 20. a4 Rd8 21. Ne2 Bb4 22. Rf1 Rd6 23. Bxf6 Rxf6 24. d4 c6 25. bxc6 Rxc6 26. Qb3 Rdc8 27. Kg1 h5 28. Rxc6 Rxc6 29. h4 Qg4 30. Nf4 Qf3 31. Qd5 Qxd5 32. Nxd5 Kf8 33. Rb1 Rc4 34. Nxb6 Rc2 35.
Nd5 Bd2 36. Kf1 g6 37. Ke2 Bb4+ 38. Kf3 Bd2 39. Rb8+ 1-0

[Event "Late-Titled-Tuesday-Blitz-April-23-2024"]
[Site "Chess.com"]
[Date "2024.04.23"]
[Round "2"]
[White "Skatchkov_V"]
[Black "LiemLe"]
[Result "0-1"]
[WhiteElo "2663"]
[BlackElo "3064"]
[TimeControl "180+1"]
[EndTime "14:17:32 PDT"]
[Termination "LiemLe won by resignation"]

1. d4 Nf6 2. c4 g6 3. Nc3 d5 4.
Nf3 Bg7 5. Bg5 Ne4 6. Bf4 Nxc3 7. bxc3 dxc4 8. e3 Be6 9. Ng5 Bd5 10. e4 h6 11.
exd5 hxg5 12. Qa4+ Kf8 13. Be3 Qxd5 14. Rb1 Nd7 15. Rb5 Nb6 16. Rxd5 Nxa4 17. Rd7 Nxc3 18. Bxc4 Bf6 19. Rxc7 b5 20. Bb3 b4 21. d5 a5 22.
d6 e6 23. d7 a4 24. Bc4 b3 25. axb3 a3 26. Kd2 a2 27. Rc8+ Kg7 28. Rxh8 Kxh8 29. Bb6 Nb1+ 30. Kc2 a1=Q 0-1

[Event "Late-Titled-Tuesday-Blitz-April-23-2024"]
[Site "Chess.com"]
[Date "2024.04.23"]
[Round "2"]
[White "martinmena"]
[Black "Licancabur"]
[Result "0-1"]
[WhiteElo "2155"]
[BlackElo "2464"]
[TimeControl "180+1"]
[EndTime "14:17:32 PDT"]
[Termination "Licancabur won on time"]

1. c4 Nf6 2. g3 c6 3. Bg2 d5 4. Nf3 Bg4 5. O-O e6 6. d4 Nbd7 7. b3 Be7 8. Ne5 Nxe5 9. dxe5 Nd7 10. Bb2 O-O 11. h3 Bh5 12. f4 f6 13. g4 Bf7 14.
e4 fxe5 15. fxe5 dxc4 16. bxc4 Qb6+ 17. Bd4 Bc5 18. Bxc5 Qxc5+ 19. Kh1 Qxe5 20. Nd2 Nc5 21. Nb3 Rad8 22. Qe2 Nd3 23. Rad1 Nf4 24. Qe3 Rxd1 25. Rxd1 Bg6 26. Qd4 Qg5 27. e5 Qh4 28. Qd2 Nxh3 29.
Bxh3 Qxh3+ 30. Qh2 Be4+ 31. Kg1 Qxg4+ 0-1

[Event "Late-Titled-Tuesday-Blitz-April-23-2024"]
[Site "Chess.com"]
[Date "2024.04.23"]
[Round "2"]
[White "GMAkobianSTL"]
[Black "Kolle05"]
[Result "1-0"]
[WhiteElo "2815"]
[BlackElo "2565"]
[TimeControl "180+1"]
[EndTime "14:17:33 PDT"]
[Termination "GMAkobianSTL won by resignation"]

1. d4 Nf6 2. c4 e6 3. Nf3 Bb4+ 4. Nbd2 Be7 5. e4 d5 6. e5 Nfd7 7. Bd3 c5 8. cxd5 exd5 9. O-O Nc6 10. Re1 O-O 11. a3 a5 12. Nf1 cxd4 13. Ng3 Nc5 14.
h3 Qb6 15. Bc2 Ne6 16. Rb1 Bd7 17. Qd3 g6 18. Bh6 Rfd8 19. h4 Nc5 20. Qd2 Bg4 21.
Ng5 Ne6 22. Nxe6 Bxe6 23. h5 Rac8 24. hxg6 hxg6 25. Bd3 a4 26. Bg5 Qc7 27. Bf6 Bf8 28.
Qg5 Re8 29. Bxg6 fxg6 30. Qxg6+ Bg7 31. Nh5 Re7 32. Bxg7 Rxg7 33. Nxg7 Bf7 34. Qg5 Kf8 35. e6 1-0

[Event "Late-Titled-Tuesday-Blitz-April-23-2024"]
[Site "Chess.com"]
[Date "2024.04.23"]
[Round "2"]
[White "elmusmolamas"]
[Black "BenchGM"]
[Result "1-0"]
[WhiteElo "2494"]
[BlackElo "2228"]
[TimeControl "180+1"]
[EndTime "14:17:33 PDT"]
[Termination "elmusmolamas won on time"]

1. e4 c5 2. Nf3 e6 3. Nc3 Nc6 4. Be2 Nf6 5. O-O Be7 6. d4 cxd4 7. Nxd4 Qc7 8. Kh1 a6 9. f4 d6 10. Be3 O-O 11. Bf3 Nxd4 12. Qxd4 Ne8 13. e5 f6 14. exf6 Bxf6 15. Qd3 g6 16. Bd4 Ng7 17.
Rad1 d5 18. Rfe1 Qxf4 19. Bc5 Rf7 20. Rf1 Qf5 21. Qe2 Qg5 22. Be3 Qh4 23. g3 Qb4 24. Bxd5 Bxc3 25. Rxf7 Kxf7 26. bxc3 Qxc3 27. Rf1+ Nf5 28.
Bd2 Qc5 29. Bg2 Bd7 30. g4 Bc6 31. gxf5 gxf5 32. Qh5+ Ke7 33. Qh4+ Kd7 34. Qxh7+ Kd6 35. Bf4+ e5 36. Rd1+ 1-0

[Event "Late-Titled-Tuesday-Blitz-April-23-2024"]
[Site "Chess.com"]
[Date "2024.04.23"]
[Round "2"]
[White "expii"]
[Black "BlackGod93"]
[Result "0-1"]
[WhiteElo "2186"]
[BlackElo "2567"]
[TimeControl "180+1"]
[EndTime "14:17:35 PDT"]
[Termination "BlackGod93 won on time"]

1. e4 e5 2. Nf3 Nc6 3. Bb5 a6 4. Ba4 Nf6 5. d4 exd4 6. O-O d5 7. Nxd4 Bd7 8. exd5 Nxd5 9. Nxc6 bxc6 10. Re1+ Be7 11. c4 Nf6 12. Nc3 O-O 13. Bf4 Rb8 14. Rb1 Bb4 15. Qf3 Bg4 16. Qxc6 Bxc3 17. bxc3 Rxb1 18.
Rxb1 Bd7 19. Qxa6 Bxa4 20. Qxa4 Qd3 21. Qb3 Ne4 22. Rc1 Qe2 23. Qc2 Qxc4 24. Be5 Re8 25. Bd4 c5 26. Be3 Ra8 27. Qb3 Qd3 28. Qb7 Re8 29.
h3 h6 30. Qc6 Re6 31. Qc8+ Kh7 32. a4 Nxc3 0-1

[Event "Late-Titled-Tuesday-Blitz-April-23-2024"]
[Site "Chess.com"]
[Date "2024.04.23"]
[Round "2"]
[White "stasOR4ik"]
[Black "lamomiajunior"]
[Result "1-0"]
[WhiteElo "2455"]
[BlackElo "2735"]
[TimeControl "180+1"]
[EndTime "14:17:36 PDT"]
[Termination "stasOR4ik won by resignation"]

1. e4 c5 2. c3 Nf6 3. e5 Nd5 4. Nf3 Nc6 5. Bc4 Nb6 6. Bb3 d5 7. exd6 e5 8. d4 cxd4 9. cxd4 Bxd6 10. dxe5 Bb4+ 11. Bd2 O-O 12. O-O Bg4 13. Bxb4 Nxb4 14. Qxd8 Rfxd8 15. Ng5 N4d5 16. Nc3 Nxc3 17. Bxf7+ Kf8 18.
bxc3 h6 19. Be6 Be2 20. Rfe1 Bd3 21. Nf3 Ke7 22. Bb3 a5 23. a4 Rac8 24. Rac1 Nd5 25.
Bxd5 Rxd5 26. h3 Rc4 27. Re3 Bg6 28. e6 Be4 29. Rce1 Bg6 30. Ne5 Rxe5 31. Rxe5 Rxa4 32.
Rb5 Bf5 33. Rxf5 1-0